 Dungeon Crawl Stone Soup version 0.28-a0-95-g65e1ffefe4 (webtiles) character file.

Game seed: 2305101881260457395

14 akrobin the Ducker (level 2, -19/16 HPs)
             Began as a Spriggan Abyssal Knight on Aug 8, 2021.
             Was a Follower of Lugonu.
             Demolished by an Executioner (21 damage)
             ... on level 2 of the Abyss.
             The game lasted 00:01:27 (261 turns).

akrobin the Ducker (Spriggan Abyssal Knight)         Turns: 261, Time: 00:01:27

Health: -19/16     AC:  2    Str:  8    XL:     2   Next: 27%
Magic:  4/4        EV: 17    Int: 13    God:    Lugonu [*.....]
Gold:   20         SH:  0    Dex: 14    Spells: 1/1 levels left

rFire   . . .      SeeInvis +   d - +4 mace of Luxury {drain, rC+ rCorr}
rCold   + . .      Faith    .   (shield restricted)
rNeg    . . .      Spirit   .   b - +0 robe
rPois   .          Reflect  .   (helmet restricted)
rElec   .          Harm     .   (no cloak)
rCorr   +          Rampage  .   (gloves unavailable)
Will    .....                   (boots unavailable)
Stlth   ++........              (no amulet)
HPRegen 0.05/turn               (no ring)
MPRegen 0.09/turn               (no ring)

@: very quick
A: very small, no large weapons, unfitting armour, see invisible, speed 3
a: Renounce Religion, Depart the Abyss


You were on level 2 of the Abyss.
You worshipped Lugonu.
Lugonu was aware of your devotion.
You visited 0 branches of the dungeon, and saw 0 of its levels.
You visited the Abyss 1 time.

You collected 20 gold pieces.

Inventory:

Hand Weapons
 a - a +1 short sword
 d - the +4 mace of Luxury (weapon) {drain, rC+ rCorr}
   (You found it on level 2 of the Abyss)

   A truly terrible weapon, it drains the life of any living foe it strikes.
   rC:        It protects you from cold.
   rCorr:     It protects you from acid and corrosion.
Missiles
 c - 15 sling bullets
Armour
 b - a +0 robe (worn)
Wands
 e - a wand of polymorph (6)


   Skills:
 + Level 2.5 Fighting
 + Level 2.4 Short Blades
 + Level 3.4 Dodging
 * Level 2.0 Stealth
 - Level 1.7 Invocations


You had one spell level left.
You didn't know any spells.
Your spell library was empty.

Dungeon Overview and Level Annotations

Branches:
Dungeon (0/15)

Altars:


Innate Abilities, Weirdness & Mutations

You are very small and have problems with some larger weapons.
You are too small for most types of armour.
You have supernaturally acute eyesight. (SInv)
You cover ground extremely quickly. (Speed+++)


Message History

Moving in this stuff is going to be slow.
The white imp shouts!
A tentacle flies out from the starspawn's body!
A starspawn tentacle comes into view.
You start resting.
A white imp is nearby!
A white imp is nearby!
The white imp gestures at you. The puff of frost hits you. You resist.
* * * LOW HITPOINT WARNING * * *
Unknown command.
You hit the white imp.
The white imp is severely wounded.
The white imp gestures at you. The puff of frost hits you. You resist.
* * * LOW HITPOINT WARNING * * *
The white imp hits you but does no damage.
You hit the white imp but do no damage.
The white imp is severely wounded.
The white imp misses you.
You sock the white imp!
You kill the white imp!
Your Stealth skill increases to level 2!
You have reached level 2!
A large abomination comes into view.
A neqoxec comes into view.
Found 24 gold pieces.
A white imp comes into view.
Found 27 gold pieces.
The white imp shouts!
Found a jewelled ivory wand.
e - a wand of polymorph (6)
There are no items here.
An Executioner comes into view.
The Executioner gives a hideous shriek!
The Executioner gestures.
The Executioner seems to speed up.
The Executioner hits you!!
Ouch! That really hurt!
You die...

#. ..$.##. #.. .## #....
#### ## # .#. . #
.##.##.#.#...# . # ..##
########.#..3###. . #
#1..#....#.5.#...#.#...#.#
#..#......#.##.....##..
#..#.#.#.#..X ..## # .#
######1#..###....# #..
#.#@### #.. ##
#.....##.#... ##...#.#.#.
.# ≈ ####. ...###. .#....
#≈ ## ##


You could see an Executioner (fast) and a large abomination.

Vanquished Creatures
  2 white imps (Abyss:2)
2 creatures vanquished.

Vanquished Creatures (others)
  2 starspawn tentacles (Abyss:2)
2 creatures vanquished.

Grand Total: 4 creatures vanquished

Notes
Turn   | Place    | Note
-------+----------+-------------------------------------------
     0 | Abyss:1  | akrobin the Spriggan Abyssal Knight began the quest for the
                  | Orb.
     0 | Abyss:1  | Reached XP level 1. HP: 11/11 MP: 3/3
    43 | Abyss:2  | Identified the +4 mace of Luxury {drain, rC+ rCorr}
    54 | Abyss:2  | Noticed a tentacled starspawn
    96 | Abyss:2  | Reached skill level 1 in Stealth
   140 | Abyss:2  | Noticed a smoke demon
   145 | Abyss:2  | Noticed a white very ugly thing
   145 | Abyss:2  | Noticed a white ugly thing
   145 | Abyss:2  | Noticed a white very ugly thing
   145 | Abyss:2  | Noticed a white very ugly thing
   159 | Abyss:2  | Noticed a tentacled starspawn
   218 | Abyss:2  | Reached XP level 2. HP: 1/16 MP: 4/4
   225 | Abyss:2  | Noticed a large abomination
   237 | Abyss:2  | Noticed a neqoxec
   255 | Abyss:2  | Noticed an Executioner
   261 | Abyss:2  | Demolished by an Executioner

Illustrated notes

Levels and vault maps discovered:
Abyss:2:  base:
Temple

Skill      XL: |  1 |
---------------+----+-----
Stealth        | 2 |  2.0
Fighting       | |  2.5
Short Blades   | |  2.4
Dodging        | |  3.4
Invocations    | |  1.7

Action                   || total
-------------------------++-------
Melee: Mace              ||     9
  Use: Scroll            ||     1
       Potion            ||     1
Armor: Robe              ||     1
Dodge: Dodged            ||     6

Table legend: (Time is in decaauts)
 A = Elapsed time spent in this place.
 B = Non-inter-level travel time spent in this place.
 C = Inter-level travel time spent in this place.
 D = Time resting spent in this place.
 E = Time spent auto-exploring this place.
 F = Levels seen in this place.
 G = Mean time per level.
                   A        B        C        D        E       F      G
               +--------+--------+--------+--------+--------+-----+--------+
         Total |    198 |    198 |      0 |     70 |      4 |   2 |   99.0 |
         Abyss |    198 |    198 |      0 |     70 |      4 |   2 |   99.0 |
               +--------+--------+--------+--------+--------+-----+--------+

Top non-repeatable levels by time:
 Abyss:2: 182 daAuts
 Abyss:1: 15 daAuts
